Map: Inside and Out

Players

Slayer - Winner!

  • Race: Terran Terran
  • League: Silver
  • Spawn Location: 1:00

Ewa

  • Race: Zerg Zerg
  • League: Silver
  • Spawn Location: 7:00

VOD

Have the link to the VOD?

Description

Time

  • Played on: Nov. 7, 2022, 4:42 p.m.
  • Length: 7:50
Show
View Real Time Build Order
Export as new Build Order

Slayer Terran - Winner!

Build Orders:  

Get SALT Encoding   

  12  0:01  SCV  
  13  0:13  SCV  
  14  0:26  SCV  
  15  0:42  Supply Depot  
  15  0:44  Refinery  
  15  1:03  SCV  
  16  1:05  Supply Depot  
  16  1:07  Barracks  
  16  1:15  SCV  
  17  1:27  SCV  
  18  1:33  Engineering Bay  
  19  1:40  SCV  
  19  1:52  SCV  
  20  1:57  Barracks Reactor  
  20  1:59  Barracks  
  20  2:04  Orbital Command  
  20  2:08  Terran Infantry Weapons Level 1  
  20  2:36  Marine  
  20  2:37  Marine  
  22  2:48  Barracks Tech Lab  
  22  2:49  Barracks  
  22  2:54  Marine x2  
  24  3:06  Supply Depot  
  24  3:09  Combat Shield  
  24  3:11  Marine  
  24  3:12  Marine x2  
  27  3:29  Marine, Supply Depot  
  27  3:30  Marine x2  
  30  3:37  Barracks  
  30  3:38  Barracks Reactor  
  30  3:47  Marine  
  30  3:48  Marine x2  
  33  4:00  Supply Depot  
  33  4:03  Terran Infantry Armor Level 1  
  33  4:04  Marine  
  33  4:06  Marine x2  
  36  4:22  Marine  
  36  4:23  Marine, Supply Depot  
  36  4:24  Marine  
  39  4:26  Barracks  
  39  4:30  Barracks Reactor  
  39  4:40  Marine  
  39  4:42  Marine x2  
  39  4:43  Marine x2  
  44  4:46  Supply Depot  
  44  4:58  Marine  
  45  5:00  Marine x3  
  45  5:01  Marine  
  49  5:16  Marine  
  49  5:17  Barracks Reactor  
  50  5:21  Marine  
  50  5:22  Marine x5  
  56  5:33  Marine  
  57  5:39  Marine x3  
  57  5:40  Marine x3  
  54  5:51  Marine  
  54  5:57  Marine x3  
  51  6:18  Marine x5  
  44  6:19  Marine x4  
  51  6:36  Marine x6  
  51  6:37  Marine x3  
  58  6:53  Marine  
  58  6:54  Marine x2  
  58  7:05  Marine x3  
  58  7:06  Marine x3  
  61  7:11  Marine x2  
  61  7:12  Marine  
  56  7:23  Marine x4  
  56  7:24  Marine x2  
  56  7:29  Marine x3  
Show
View Real Time Build Order
Export as new Build Order

Ewa Zerg 

Build Orders: Hatch First 

Get SALT Encoding   

  12  0:00  Drone  
  13  0:12  Overlord  
  13  0:16  Drone  
  14  0:30  Drone  
  14  0:31  Drone  
  16  0:51  Hatchery  
  16  0:57  Drone  
  16  1:06  Spawning Pool  
  16  1:08  Extractor  
  14  1:11  Drone  
  14  1:15  Drone  
  16  1:21  Drone  
  17  1:28  Drone  
  18  1:34  Drone  
  19  1:44  Overlord  
  19  1:54  Queen  
  19  1:56  Zergling x2  
  22  2:02  Queen  
  22  2:04  Zergling x2  
  22  2:06  Zergling x2  
  26  2:19  Drone  
  26  2:20  Drone  
  28  2:24  Metabolic Boost  
  28  2:25  Zergling x2  
  29  2:37  Drone x3  
  32  2:46  Drone  
  32  2:49  Overlord  
  33  2:57  Zergling x2  
  34  3:07  Drone x5  
  39  3:12  Roach Warren  
  39  3:15  Drone x4  
  42  3:23  Queen  
  44  3:38  Overlord x2  
  44  3:39  Spore Crawler  
  43  3:45  Spore Crawler  
  42  3:52  Evolution Chamber  
  41  3:57  Evolution Chamber  
  41  4:01  Roach  
  41  4:02  Roach  
  44  4:07  Hatchery  
  43  4:17  Spine Crawler  
  43  4:21  Drone x4  
  46  4:40  Roach x7  
  60  4:58  Extractor  
  60  4:59  Extractor  
  58  5:01  Extractor  
  58  5:02  Drone x3  
  58  5:04  Overlord x3  
  59  5:24  Drone x3  
  59  5:26  Queen  
  59  5:27  Spine Crawler  
  63  5:36  Drone x4  
  63  5:39  Zergling x2  
  63  5:40  Zergling x6  
  72  5:42  Roach  
  72  5:43  Roach x3  
  72  5:48  Zergling x2  
  62  5:53  Zergling x4  
  58  5:59  Zergling x2  
  58  6:03  Zergling x4  
  57  6:06  Roach  
  57  6:09  Roach x3  
  63  6:12  Roach  
  63  6:16  Roach  
  66  6:20  Roach  
  57  6:31  Spine Crawler  
  57  6:32  Spine Crawler  
  59  6:33  Roach x3  
  59  6:35  Roach x3  
  59  6:41  Ravager  
  59  6:43  Roach x2  
  60  6:54  Zergling x10  
  50  7:01  Zergling x6  
  50  7:07  Roach x2  
  42  7:10  Roach  
  40  7:17  Roach x2  
  40  7:22  Zergling x2  
  41  7:26  Zergling x2  
  41  7:29  Zergling x2  
  39  7:31  Roach  
Tags
 
Add a new tag
Caveats
  • Supply blocks, unpowered buildings, or Contaminate may cause inaccurate times.
  • Supply counts are checked every 10 seconds.